← All builds
Tech / Armada / Economy first / OBSERVED BUILD

Standard tech

Standard Tech play: rush T2 factory and constructor by ~4:15-4:33, upgrade the first mexes to advanced, and hand off constructors and army to Geo and allies while scaling eco over the game.

Usually first T2 con to Geo (85%)

#eco #t2 #team support · 681 distinct matches · 101 players · 59% of Armada Tech games · team won 53% of 793 · Recently observed

HOW TO PLAY IT

Key timing: T2 lab by 4:15

  1. Take 3 mex, then wind and a Bot Lab to open eco fast.
  2. Push T2 lab out, aim to pass T2 to air player.
  3. Get first T2 constructor building, prioritize mex upgrades over eco.
  4. Finish Advanced Metal Extractor, keep upgrading team's mex.
  5. Add fus and anti-nuke, keep feeding T2 cons and Umbrella/Citadel to team.

Phase by phase

TYPICAL OF ITS 681 GAMES
  1. 1
  2. 2
  3. 3
  4. 4
PLAY THE OPENING

Follow the example game's first 6:00 step by step: what to build now, what comes next, and where it goes. At 1× it keeps pace with your own game.

  1. 1

    Up to the Bot Lab

    Economy
    • Metal Extractor3Mex
    • Wind Turbine4Wind
    Order
    1. Bot LabBot Lab after 3 mex, 4 winddone ~1:18, middle half 1:13–1:32

    Some games also: energy storage (30%)

    By 1:01 in all: 3 mex · 4 wind

    The example game in this phase · 3 steps
    1. Mex ×3
    2. Wind ×3
    3. Bot LabBot Labdone 1:08 · typical 1:18
  2. 2

    Bot Lab to Advanced Bot Lab

    Economy
    • Metal Extractor1Mex
    • Wind Turbine8Wind
    • Energy Storage1Energy storage
    Order
    1. Advanced Bot LabAdvanced Bot Lab after 4 mex, 12 wind, 3 con turretdone ~4:15, middle half 4:04–4:27
    Builders
    • Construction Turret3 Con turret
    • Lazarus3 Lazarus
    • Construction Bot2 Con bot
    • Construction Bot1 Con bot for allies

    Some games also: converter (36%)

    By 3:20 in all: 4 mex · 12 wind · 1 energy storage · 3 con turret

    The example game in this phase · 21 steps
    1. Wind
    2. Construction BotCon bot
    3. LazarusLazarus ×2
    4. Construction BotCon botfor Air
    5. Mex
    6. Con turret
    7. Wind ×3
    8. Energy storage
    9. Con turret
    10. Wind
    11. Con turret
    12. Wind ×5
    13. Converter
    14. Wind ×2
    15. Converter
    16. Wind ×2
    17. Solar
    18. Converter
    19. Solar
    20. Converter
    21. Advanced Bot LabAdvanced Bot Labdone 4:35 · typical 4:15
  3. 3

    Advanced Bot Lab to 5:00

    Economy
    • Wind Turbine2Wind
    Builders
    • Advanced Construction Bot1 T2 con bot for allies

    Some games also: converter (35%)

    By 5:00 in all: 4 mex · 15 wind · 2 converter · 1 energy storage · 3 con turret

    The example game in this phase · 3 steps
    1. Advanced Construction BotT2 con botfor unknown
    2. SharpshooterSniper botfor Ponddone 5:32
    3. Advanced Metal ExtractorT2 mexdone 6:40 · typical 5:28
  4. 4

    5:00 to 10:00

    Economy
    • Wind Turbine43Wind
    • Energy Converter5Converter
    Builders
    • Butler8 Butler
    • Advanced Construction Bot4 T2 con bot for allies
    • Advanced Construction Bot1 T2 con bot

    Some games also: con turret (46%) · Butler for allies (38%)

    By 10:00 in all: 4 mex · 58 wind · 7 converter · 1 energy storage · 3 con turret

    The example game in this phase · 91 steps
    1. SharpshooterSniper botfor Pond
    2. Solar ×2
    3. Advanced Construction BotT2 con botfor Air
    4. Solar
    5. Advanced Metal ExtractorT2 mex ×2
    6. Advanced Construction BotT2 con botfor Geo sea
    7. Solar ×2
    8. Advanced Construction BotT2 con botfor Beach sea
    9. Advanced Metal ExtractorT2 mex
    10. Advanced Construction BotT2 con botfor Pond
    11. SharpshooterSniper botfor Pond
    12. ButlerButler ×2
    13. SprinterSprinter ×6
    14. ButlerButler ×2
    15. Advanced Construction BotT2 con botfor Geo sea
    16. ButlerButler ×3
    17. ButlerButlerfor Geo sea
    18. Wind
    19. ButlerButlerfor Geo sea
    20. Wind ×2
    21. ButlerButlerfor Beach sea
    22. Wind ×3
    23. ButlerButler
    24. Wind ×2
    25. ButlerButler
    26. Wind ×4
    27. ButlerButler
    28. Wind ×3
    29. ButlerButler
    30. Wind ×4
    31. FatboyFatboynot finished by 15:00
    32. Wind ×6
    33. ButlerButler
    34. Wind ×2
    35. ButlerButler
    36. Wind ×3
    37. ButlerButler
    38. Wind ×4
    39. ButlerButler
    40. Wind ×3
    41. ButlerButler
    42. Wind ×11
    43. Advanced Construction BotT2 con botfor Geo sea
    44. Wind ×13
    45. Converter
    46. Wind ×2
    47. UmbrellaAnti-nukedone 13:24
    48. Wind ×3
    49. Converter
    50. Wind ×4
    51. Converter
    52. Wind ×6
    53. Converter
    54. Wind ×6
    55. Converter
    56. Wind ×3
    57. Converter
    58. Wind ×7
    59. Converter
    60. Wind ×6
    61. Converter
    62. Wind ×4
    63. Converter
    64. Wind ×4
    65. RecluseReclusedone 13:55
    66. Wind ×3
    67. Converter
    68. Wind ×5
    69. Converter
    70. Wind ×5
    71. Converter
    72. Wind ×7
    73. Converter
    74. Wind ×6
    75. Converter
    76. Wind ×7
    77. Converter
    78. Wind ×4
    79. Metal storage
    80. Converter
    81. Wind ×6
    82. Con turret
    83. Converter
    84. Wind ×5
    85. Converter
    86. Con turret
    87. Wind ×2
    88. Con turret
    89. Converter
    90. Wind ×6
    91. Converter

Counts are medians over the build's games: half of them build more, half fewer. The example game is hihimik's (36 OS, 21/09/2026); pick another.

Team trades

IN AT LEAST 30% OF ITS GAMES

You hand over

  • Construction Bot1 Con bot to Airfirst at 2:22 · in 88% of games
  • Advanced Construction Bot5 T2 con bot to Air or Pond or Geo seafirst at 4:46 · in 99% of games
  • Sharpshooter2 Sniper bot to Pondfirst at 5:23 · in 33% of games
  • Butler2 Butler to Geo sea or Beach sea or Pondfirst at 9:03 · in 42% of games

You get

  • Hercules1 Light transport from Airfirst at 3:59 · in 85% of games

How it plays out

Typical game of this build, running totals by minute

Metal produced

020k40k
0:005:0010:0015:00

metal

Enemy metal destroyed

0200400
0:005:0010:0015:00

metal

Own metal lost

0100200300
0:005:0010:0015:00

metal

793 games.

Show as table
ByMetal produced: This buildEnemy metal destroyed: This buildOwn metal lost: This build
1:0038300
2:0091500
3:00163500
4:00314800
5:00486300
6:00580700
7:00722000
8:00906100
9:001124700
10:001355300
11:001634200
12:001985000
13:002364400
14:0027360125130
15:0031473385260
WHAT THE NUMBERS SAY

This is the role's baseline and wins slightly more than half its games with a huge metal lead but almost no kills, showing its value is economic not combat.

  • + Produces 31389 metal by 15:00, far above other roles.
  • + Reaches T2 lab and constructor by 4:15-4:33 almost every game.
  • − Barely destroys any enemy metal (400 by 15:00), no combat presence.
  • − Fusion Reactor and anti-nuke only land in 44% of games.
THE EXAMPLE YOU ARE READING

hihimik

36.1 OS · 21/09/2026

Open source match ↗

3 received units
4083 metal received · 78890 energy received

Allied construction assistance is unknown. Timings are observations, not a promise of solo reproducibility.

Typical milestones

Bot Lab1:18Middle 50%: 1:13–1:32 · n=793
Advanced Bot Lab4:15Middle 50%: 4:04–4:27 · n=787
Advanced Metal Extractor5:28Middle 50%: 5:06–5:58 · n=791

Played most by

Amrissa100games of this buildSyphos34games of this buildKOT_33games of this buildTeaner28games of this buildAdeus26games of this build